AoeStats
← 钓鱼佬

African Clearing

505234513Analyzed
4v4 RM · 24d ago on Sep 8, 2026· 49m 30s· 8 players
Game mode
Random Map
Map size
Large (8 player)
Population
200
Speed
Normal
Resources
Standard
Victory
Conquest
Starting age
Dark Age
Ending age
Imperial Age
RankedLock teamsTeams togetherTeam positionsShared explorationLock speedFull tech treeHidden civsTurbo modeCheats
Victory
Defeat
🇫🇷 Turks · France
1537
+19
🇦🇷 Cumans · Argentina
1525
+19
🇨🇳 Mongols · China
1509
+20
🇩🇪 Berbers · Germany
1485
+21
🇨🇳 Britons · China
1758
-26
🇨🇳 Mongols · China
1599
-20
🇨🇳 Sicilians · China
1561
-18
🇭🇰 Georgians · Hong Kong SAR China
1472
-15
牛比无极限
3:48 Loom
13:14 Feudal Age
15:13 Double-Bit Axe
28:12 Horse Collar
39:06 Castle Age
39:46 Wheelbarrow
40:28 Bow Saw
40:24 Heavy Plow
41:21 Hand Cart
76nateK
9:31 Loom
11:43 Feudal Age
12:06 Loom
12:28 Double-Bit Axe
14:46 Forging
17:14 Horse Collar
18:01 Scale Barding Armor
19:38 Bloodlines
26:22 Castle Age
27:28 Chain Barding Armor
28:01 Bow Saw
27:57 Husbandry
29:30 Wheelbarrow
33:02 Hand Cart
33:07 Heavy Plow
43:13 Imperial Age
41:56 Town Watch
43:47 Iron Casting
43:15 Gold Mining
43:15 Stone Mining
44:31 Plate Barding Armor
44:39 Conscription
45:32 Blast Furnace
45:00 Bombard Tower
45:40 Town Patrol
46:03 Ballistics
45:39 Fletching
49:10 Bodkin Arrow
49:19 Artillery
[TUC] Fachirichi
7:26 Loom
10:06 Feudal Age
11:42 Double-Bit Axe
12:37 Horse Collar
20:31 Castle Age
19:42 Bloodlines
19:54 Scale Barding Armor
20:51 Wheelbarrow
23:20 Chain Barding Armor
30:20 Forging
31:39 Iron Casting
31:53 Gold Mining
40:17 Imperial Age
40:24 Cavalier
41:40 Plate Barding Armor
42:16 Conscription
43:09 Blast Furnace
42:57 Paladin
45:15 Bow Saw
48:50 Heavy Plow
Pipin
9:19 Loom
11:28 Feudal Age
17:00 Fletching
19:17 Double-Bit Axe
23:23 Castle Age
21:27 Horse Collar
23:29 Crossbowman
24:05 Bodkin Arrow
37:33 Padded Archer Armor
38:32 Bloodlines
40:08 Wheelbarrow
39:26 Elite Skirmisher
40:07 Husbandry
41:14 Bow Saw
41:50 Leather Archer Armor
43:29 Heavy Plow
46:43 Imperial Age
45:12 Ballistics
46:04 Thumb Ring
47:37 Bracer
48:39 Chemistry
48:18 Elite Camel Archer
49:18 Conscription
49:57 Coinage
49:04 Light Cavalry
南园寺
11:26 Loom
13:12 Feudal Age
14:45 Double-Bit Axe
17:31 Castle Age
18:42 Fletching
28:04 Bodkin Arrow
36:14 Bow Saw
39:20 Town Watch
40:12 Wheelbarrow
43:50 Gold Mining
43:51 Stone Mining
44:51 Hand Cart
44:57 Horse Collar
45:59 Heavy Plow
青衫天子
5:30 Loom
14:15 Feudal Age
15:10 Double-Bit Axe
17:26 Fletching
20:19 Castle Age
18:23 Horse Collar
20:06 Gold Mining
20:51 Padded Archer Armor
20:24 Crossbowman
21:00 Bodkin Arrow
21:39 Town Watch
22:47 Bow Saw
25:22 Wheelbarrow
28:13 Ballistics
31:23 Hand Cart
31:09 Fishing Lines
31:52 Leather Archer Armor
36:02 Imperial Age
34:15 Gillnets
34:49 Town Patrol
34:58 Heavy Plow
35:05 Squires
36:20 Gold Shaft Mining
35:37 Stone Mining
36:46 Coinage
36:58 Bracer
38:23 Chemistry
37:37 Arbalester
39:11 Conscription
39:59 Two-Man Saw
38:40 Pikeman
39:20 Squires
39:55 Banking
39:43 Guard Tower
39:34 Treadmill Crane
41:02 Pikeman
41:43 Squires
41:44 Scale Mail Armor
42:18 Halberdier
43:18 Chain Mail Armor
44:36 Plate Mail Armor
44:17 Forging
46:54 Ring Archer Armor
46:59 Iron Casting
47:17 Yeomen
46:55 Murder Holes
钓鱼佬
5:04 Loom
13:19 Feudal Age
14:02 Double-Bit Axe
20:40 Scale Barding Armor
24:38 Fletching
29:15 Bloodlines
42:33 Horse Collar
46:26 Wheelbarrow
50:13 Castle Age
0g123451
7:05 Loom
12:37 Feudal Age
16:00 Fletching
18:55 Forging
22:18 Scale Mail Armor
22:27 Scale Barding Armor
26:48 Castle Age
25:05 Double-Bit Axe
26:24 Bloodlines
27:13 Padded Archer Armor
27:42 Bodkin Arrow
28:13 Gold Mining
34:01 Bow Saw
35:18 Wheelbarrow
35:11 Ballistics
35:50 Husbandry
39:13 Thumb Ring
40:01 Hand Cart
41:22 Stone Mining
42:05 Leather Archer Armor
41:54 Horse Collar
45:16 Imperial Age
45:59 Bracer
45:22 Elite Mangudai
46:26 Conscription
45:48 Capped Ram
46:39 Siege Ram
Connection lost

Rejoining the realm…

Still unreachable

The connection could not be restored.

Session expired

The server has moved on; the page needs a fresh start.